 Dungeon Crawl Stone Soup version 0.20.1-1-g8b1a95d (webtiles) character file.

405 Peloso the Skirmisher (level 6, -10/50 HPs)
             Began as a Demonspawn Fighter on Oct 15, 2017.
             Mangled by an ogre
             ... wielding a +0 giant club
              (28 damage)
             ... on level 4 of the Dungeon.
             The game lasted 00:05:48 (2803 turns).

Peloso the Skirmisher (Demonspawn Fighter)          Turns: 2803, Time: 00:05:49

Health: -10/50     AC:  9    Str: 22    XL:     6   Next: 56%
Magic:  6/6        EV:  7    Int:  9    God:
Gold:   203        SH: 10    Dex: 13    Spells: 5/5 levels left

rFire    . . .     SeeInvis .   a - +0 long sword
rCold    . . .     Gourm    .   c - +1 shield
rNeg     . . .     Faith    .   b - +0 scale mail
rPois    .         Spirit   .   (helmet restricted)
rElec    .         Reflect  .   (no cloak)
rCorr    .         Harm     .   (no gloves)
MR       .....                  (no boots)
Stlth    ..........             (no amulet)
Regen    0.2/turn               i - +4 ring of strength
MPRegen  0.1/turn               (no ring)

@: no status effects
A: horns 1, rugged brown scales 2, powered by pain 1
a: no special abilities


You were on level 4 of the Dungeon.
You were hungry.

You visited 1 branch of the dungeon, and saw 4 of its levels.

You collected 203 gold pieces.

Inventory:

Hand Weapons
 a - a +0 long sword (weapon)
Armour
 b - a +0 scale mail (worn)
 c - a +1 shield (worn)
Jewellery
 i - a +4 ring of strength (left hand)
Scrolls
 g - 2 scrolls of remove curse
 h - 2 scrolls of enchant armour
 j - 2 scrolls of teleportation
 m - 4 scrolls of identify
 n - a scroll of fear {unknown}
 p - a scroll of magic mapping {unknown}
 r - a scroll of immolation {unknown}
 s - a scroll of amnesia {unknown}
Potions
 e - a potion of flight
 k - 2 potions of heal wounds
Comestibles
 f - 2 bread rations


   Skills:
 + Level 4.2 Fighting
 + Level 4.0 Long Blades
 + Level 4.0 Armour
 + Level 0.6 Dodging
 + Level 0.4 Stealth
 + Level 3.7 Shields


You had 5 spell levels left.
You didn't know any spells.

Dungeon Overview and Level Annotations

Branches:
Dungeon (4/15)
 Temple: D:4-7

Altars:
Fedhas
Qazlal
Ru
Uskayaw
Yredelemnul


Innate Abilities, Weirdness & Mutations

You have a pair of small horns on your head.
You are mostly covered in rugged brown scales. (AC +2, +5% HP)
You sometimes gain a little power by taking damage.


Message History

You climb downwards.
You hear the sound of rushing water.
There is an entrance to a sewer on this level.
Hurry and find it before the portal rusts away!
You hear the rusting of a very distant drain.
The ogre hits you with a giant club! x2
There is a stone staircase leading up, spattered with blood here.
You slash the ogre! You headbutt the ogre.
The ogre is heavily wounded.
You hit the ogre. Your headbutt misses the ogre.
The ogre is heavily wounded.
You block the ogre's attack.
You hit the ogre.
The ogre is severely wounded.
The ogre hits you with a giant club! You block the ogre's attack.
You barely miss the ogre.
You headbutt the ogre, but do no damage.
The ogre is severely wounded.
The ogre hits you with a giant club!!
Ouch! That really hurt!
You die...

....# . #######..###. #.#
..........#.. #.!
.###........# ..
.##(........#######.#
......>.........##..#
.##...........#.##.#
##.............O...###
.......(....##..@....###.#
###.........##...........#
...............##...####.#
###(.........######.####.#
#...........O......>...#
#.............#...###.<#
##.......####.....# #
####.[...## ###...#
##...).#### #...#


You could see an ogre.

Vanquished Creatures
  2 ogres (D:4)
  A crimson imp (D:3)
  A centaur skeleton (D:4)
  A hound (D:4)
  Jessica (D:3)
  4 adders
  2 oozes (D:2)
  An adder skeleton (D:4)
  2 worms
  A dart slug (D:1)
  A leopard gecko (D:1)
  2 orcs
  A ball python (D:2)
  2 bats
  A bat skeleton (D:2)
  A bat zombie (D:2)
  4 giant cockroaches
  6 goblins
  5 hobgoblins
  2 jackals (D:4)
  9 kobolds
  3 quokkas (D:3)
  A ball python zombie (D:2)
  5 frilled lizards
  2 giant cockroach zombies (D:2)
  2 jackal zombies (D:2)
  A leopard gecko skeleton (D:4)
  A quokka skeleton (D:2)
  6 rats
71 creatures vanquished.

Notes
Turn   | Place    | Note
-------+----------+-------------------------------------------
     0 | D:1      | Peloso the Demonspawn Fighter began the quest for the Orb.
     0 | D:1      | Reached XP level 1. HP: 18/18 MP: 1/1
   176 | D:1      | Gained mutation: You are partially covered in rugged brown scales. (AC +1, +3% HP) [demonic ancestry]
   176 | D:1      | Reached XP level 2. HP: 13/24 MP: 2/2
   467 | D:1      | Reached XP level 3. HP: 29/29 MP: 3/3
   939 | D:2      | Found a stormy altar of Qazlal.
   941 | D:2      | Found a sacrificial altar of Ru.
   986 | D:2      | Found a hide-covered altar of Uskayaw.
   987 | D:2      | Found a blossoming altar of Fedhas.
   987 | D:2      | Found a basalt altar of Yredelemnul.
  1432 | D:3      | Gained mutation: You have a pair of small horns on your head. [demonic ancestry]
  1432 | D:3      | Reached XP level 4. HP: 36/38 MP: 4/4
  1730 | D:3      | Found a faded altar of an unknown god.
  2028 | D:3      | Noticed Jessica
  2049 | D:3      | Killed Jessica
  2049 | D:3      | Gained mutation: You sometimes gain a little power by taking damage. [demonic ancestry]
  2049 | D:3      | Reached XP level 5. HP: 39/43 MP: 5/5
  2507 | D:4      | Noticed an ogre
  2514 | D:4      | Killed an ogre
  2517 | D:4      | Gained mutation: You are mostly covered in rugged brown scales. (AC +2, +5% HP) [demonic ancestry]
  2517 | D:4      | Reached XP level 6. HP: 41/50 MP: 6/6
  2803 | D:4      | Mangled by an ogre

Skill      XL: |  1  2  3  4  5  6 |
---------------+-------------------+-----
Long Blades    | 2 3 4 |  4.0
Armour         | 3 4 |  4.0
Shields        | 3 |  3.7
Fighting       | 4 |  4.2
Dodging        | |  0.6
Stealth        | |  0.4

Action                   |  1- 3 |  4- 6 || total
-------------------------+-------+-------++-------
Melee: Long sword        |   164 |    83 ||   247
       Headbutt          |       |    25 ||    25
  Use: Potion            |       |     6 ||     6
       Scroll            |       |     4 ||     4
  Eat: Chunk             |     2 |     4 ||     6
Armor: Scale mail        |    85 |    34 ||   119
Dodge: Dodged            |    49 |    25 ||    74
Block: Shield            |    79 |    62 ||   141
       Rpst.: Long sword |    12 |     7 ||    19
